 Dungeon Crawl Stone Soup version 0.27-a0-203-gd48b2df3c9 (webtiles) character file.

Game seed: 3728895357247906369

30 wakim the Ruffian (level 3, -9/28 HPs)
             Began as a Draconian Transmuter on Jan 30, 2021.
             Mangled by an ogre
             ... wielding a +0 giant spiked club
              (14 damage)
             ... on level 2 of the Dungeon.
             The game lasted 00:02:51 (905 turns).

wakim the Ruffian (Draconian Transmuter)             Turns: 905, Time: 00:02:52

Health: -9/28      AC:  5    Str: 12    XL:     3   Next: 3%
Magic:  5/6        EV: 12    Int: 14    God:
Gold:   75         SH:  0    Dex: 11    Spells: 3/6 levels left

rFire    . . .     SeeInvis .   e - +0 mace (vorpal)
rCold    . . .     Faith    .   (no shield)
rNeg     . . .     Spirit   .   (armour unavailable)
rPois    .         Reflect  .   (helmet currently unavailable)
rElec    .         Harm     .   (no cloak)
rCorr    .         Rampage  .   (no gloves)
Will     .....                  (boots currently unavailable)
Stlth    +.........             (no amulet)
HPRegen  0.09/turn              (no ring)
MPRegen  0.10/turn              (no ring)

@: appendages
A: unfitting armour, horns 2, talons 2, cold-blooded, AC +5
a: End Transformation


You were on level 2 of the Dungeon.
You had grown temporary horns.
You had grown temporary talons.
You visited 1 branch of the dungeon, and saw 2 of its levels.

You collected 75 gold pieces.

Inventory:

Hand Weapons
 e - a +0 vorpal mace (weapon)
Jewellery
 b - an uncursed amulet of guardian spirit {unknown}
 f - an uncursed ring of protection from cold {unknown}
Scrolls
 c - a scroll of identify {unknown}
Potions
 a - a potion of flight {unknown}
 d - a potion of lignification {unknown}
 g - 2 potions of brilliance {unknown}
 h - a potion of heal wounds {unknown}


   Skills:
 + Level 1.5 Fighting
 + Level 2.1 Dodging
 * Level 3.4 Unarmed Combat
 + Level 2.0 Spellcasting
 * Level 2.6 Transmutations


You had 3 spell levels left.
You knew the following spells:

 Your Spells              Type           Power        Failure   Level
a - Beastly Appendage     Tmut           16%          9%          1
b - Wereblood             Tmut           8%           12%         2

Your spell library contained the following spells:

 Spells                   Type           Power        Failure   Level
 Spider Form              Tmut/Pois      2%           38%         3
 Ice Form                 Ice/Tmut       5%           80%         4
 Blade Hands              Tmut           4%           92%         5


Dungeon Overview and Level Annotations

Branches:
Dungeon (2/15)

Altars:

Annotations:
D:2 Jessica, Robin, Sigmund


Innate Abilities, Weirdness & Mutations

Your plain brown scales are hard. (AC +5)
You cannot fit into any form of body armour.
You are cold-blooded and may be slowed by cold attacks.
You have a pair of horns on your head.
You have razor-sharp toenails.


Message History

a +0 dagger; a goblin skeleton A frilled lizard comes into view.
The frilled lizard hisses angrily.
You enter the shallow water.
Moving in this stuff is going to be slow.
You grow a pair of large bovine horns.
Your feet morph into talons.
The ogre hits you with a +0 giant spiked club!!
Ouch! That really hurt!
* * * LOW HITPOINT WARNING * * *
You sock the ogre!
The ogre is moderately wounded.
The ogre hits you with a +0 giant spiked club.
* * * LOW HITPOINT WARNING * * *
You hit the ogre.
The ogre is severely wounded.
The frilled lizard bites you.
* * * LOW HITPOINT WARNING * * *
The ogre hits you with a +0 giant spiked club!
Ouch! That really hurt!
You die...

#.### # #...# #.
####.#.### .#
##.≈≈.≈≈.≈#
.##.≈.♣≈≈≈.≈≈#
##.#≈..≈..♣####
#..#.≈.≈≈.^≈≈≈#
#..##...#≈[≈≈#
#.....≈@.≈≈.♣
#.##≈≈.Ol≈###..
#.###≈...≈..... #.#
##≈♣.≈≈≈..#
..#####.##♣...≈..≈#.#
#..........@##.#### #
..#####.###....# #.#
#.#### #.# #.#


You could see an ogre, Jessica and a frilled lizard.

Vanquished Creatures
  A leopard gecko (D:2)
  A giant cockroach (D:2)
  8 goblins
  5 hobgoblins
  2 bats (D:1)
  2 frilled lizards
  2 kobolds (D:1)
  5 rats
26 creatures vanquished.

Notes
Turn   | Place    | Note
-------+----------+-------------------------------------------
     0 | D:1      | wakim the Draconian Transmuter began the quest for the Orb.
     0 | D:1      | Reached XP level 1. HP: 16/16 MP: 3/3
   394 | D:1      | Reached XP level 2. HP: 23/23 MP: 5/5
   503 | D:1      | Learned a level 2 spell: Wereblood
   646 | D:2      | Noticed Robin
   785 | D:2      | Noticed Sigmund
   809 | D:2      | Reached XP level 3. HP: 23/28 MP: 6/6
   864 | D:2      | Noticed an ogre
   874 | D:2      | Noticed Jessica
   905 | D:2      | Mangled by an ogre

Illustrated notes

Levels and vault maps discovered:
D:1:      erik_arrival_cave_to_civilisation [erik_arrival_cave_to_hall],
          layout_rooms, serial_bayou_ford_a, supply_closet_lemuel,
          minmay_misc_feat_square, minmay_split_cup_large
D:2:      layout_loops_ring, chequers_temple_overflow_statue_of_worship,
          serial_rivers, chequers_serial_rivers_large_a,
          chequers_serial_rivers_small_a, chequers_serial_rivers_room_b,
          chequers_serial_rivers_micro_c, chequers_serial_rivers_marsh,
          uniq_sigmund, uniq_jessica, uniq_robin

Skill      XL: |  1  2 |
---------------+-------+-----
Dodging        | 2 |  2.1
Fighting       | |  1.5
Unarmed Combat | |  3.4
Spellcasting   | |  2.0
Transmutations | |  2.6

Action                   || total
-------------------------++-------
Melee: Unarmed           ||    15
       Mace              ||    41
       Kick              ||     5
       Tailslap          ||     4
       Headbutt          ||     1
       Punch             ||     1
 Cast: Beastly Appendage ||     5
Armor: Skin              ||    10
Dodge: Dodged            ||    29

Table legend: (Time is in decaauts)
 A = Elapsed time spent in this place.
 B = Non-inter-level travel time spent in this place.
 C = Inter-level travel time spent in this place.
 D = Time resting spent in this place.
 E = Time spent auto-exploring this place.
 F = Levels seen in this place.
 G = Mean time per level.
                   A        B        C        D        E       F      G
               +--------+--------+--------+--------+--------+-----+--------+
         Total |    924 |    919 |      5 |    176 |    463 |   2 |  462.0 |
       Dungeon |    924 |    919 |      5 |    176 |    463 |   2 |  462.0 |
               +--------+--------+--------+--------+--------+-----+--------+

Top non-repeatable levels by time:
     D:1: 596 daAuts
     D:2: 328 daAuts
